AoeStats
← Dick Tator

Migration

508467800Analyzed
1v1 RM · 11d ago on Sep 22, 2026· 34m 43s· 2 players
Game mode
Random Map
Map size
132×132
Population
200
Speed
Normal
Resources
Standard
Victory
Conquest
Starting age
Dark Age
Ending age
Imperial Age
RankedLock teamsTeams togetherTeam positionsShared explorationLock speedFull tech treeHidden civsTurbo modeCheats
Victory
Defeat
🇹🇼 Celts · Taiwan
901
+15
🇩🇪 Mongols · Germany
888
-27
Dick Tator
3:40 Loom
12:21 Feudal Age
13:46 Wheelbarrow
21:19 Castle Age
20:41 Double-Bit Axe
21:20 Horse Collar
21:35 Gold Mining
21:44 Stone Mining
22:44 Padded Archer Armor
26:39 Fletching
26:57 Scale Barding Armor
27:07 Scale Barding Armor
Leo_TW1
10:51 Feudal Age
11:51 Double-Bit Axe
16:15 Castle Age
14:43 Stone Mining
15:49 Loom
17:06 Bow Saw
17:27 Medium Warships
19:23 Wheelbarrow
19:20 Fishing Lines
20:59 Gillnets
22:53 Hand Cart
23:30 Gold Mining
26:29 Forging
28:43 Clinker Construction
29:34 Town Watch
33:14 Imperial Age
30:57 Fletching
31:29 Ballistics
31:22 Careening
32:30 Stronghold
32:53 Bodkin Arrow
34:09 Masonry
33:54 Arrowslits
Connection lost

Rejoining the realm…

Still unreachable

The connection could not be restored.

Session expired

The server has moved on; the page needs a fresh start.